General information
- name: glhf
- type: Custom game
- host: burgerking2
- saver: GOKUMaN69
map: EchoIsles
- players: 4
- length: 50:39
- speed: Fast
- version: 1.21 W3XP
- replay type: Public
» download(149 KB)
Players
team 1 (loser)

»
BrownianMotion (
blue | 67 APM | 3376 actions | 50:35)
4 Death Knight
2 Death Coil
2 Unholy Aura
3 Lich
2 Frost Nova
1 Frost Armor
1 Dreadlord
1 Sleep
» actions
| Assign group hotkey | 539 | |
| Basic commands | 13 | |
| Build / train | 108 | |
| Enter build submenu | 26 | |
| Enter hero's abilities submenu | 8 | |
| Give item / drop item | 5 | |
| Remove unit from queue | 5 | |
| Right click | 1076 | |
| Select / deselect | 458 | |
| Select group hotkey | 953 | |
| Use ability | 185 | |
3376 total
» units
| Acolyte | 13 | |
| Ghoul | 4 | |
| Crypt Fiend | 12 | |
| Meatwagon | 7 | |
| Gargoyle | 4 | |
| Obsidian Statue | 4 | |
| Frost Wyrm | 3 | |
47 total
» upgrades
| Web | 1 | |
| Creature Attack | 2 | |
| Creature Carapace | 3 | |
| Destroyer Form | 1 | |
| Freezing Breath | 1 | |
8 total
» buildings
| Graveyard | 1 | |
| Crypt | 1 | |
| Ziggurat | 8 | |
| Altar of Darkness | 1 | |
| Tomb of Relics | 1 | |
| Nerubian Tower | 5 | |
| Halls of the Dead | 3 | |
| Slaughterhouse | 1 | |
| Spirit Tower | 4 | |
| Black Citadel | 2 | |
| Sacrificial Pit | 1 | |
| Boneyard | 1 | |
29 total
» build order
00:11 Graveyard
00:25 Crypt
00:40 Ziggurat
01:10 Altar of Darkness
01:47 Tomb of Relics
02:26 Ziggurat
02:35 Nerubian Tower
02:36 Nerubian Tower
02:36 Nerubian Tower
03:57 Halls of the Dead
03:57 Halls of the Dead
03:57 Halls of the Dead
05:29 Ziggurat
06:28 Slaughterhouse
07:46 Ziggurat
09:48 Ziggurat
11:09 Spirit Tower
12:32 Spirit Tower
12:32 Spirit Tower
13:25 Nerubian Tower
14:32 Ziggurat
24:50 Black Citadel
40:53 Ziggurat
42:36 Sacrificial Pit
43:27 Boneyard
44:47 Ziggurat
» items
| Rod of Necromancy | 1 | |
| Dust of Appearance | 8 | |
| Ring of Protection +2 | 1 | |
| Scroll of Town Portal | 3 | |
| Potion of Healing | 3 | |
| Orb of Corruption | 1 | |
17 total
team 2 (winner)
GOKUMaN69 (
red | 68 APM | 3451 actions | 50:39)
6 Blademaster
3 Wind Walk
2 Critical Strike
1 Bladestorm
4 Tauren Chieftain
3 Shockwave
1 Endurance Aura
» actions
| Assign group hotkey | 8 | |
| Basic commands | 2 | |
| Build / train | 94 | |
| Enter build submenu | 62 | |
| Enter hero's abilities submenu | 10 | |
| Give item / drop item | 28 | |
| Remove unit from queue | 8 | |
| Right click | 2119 | |
| Select / deselect | 701 | |
| Select group hotkey | 179 | |
| Use ability | 240 | |
3451 total
» units
| Peon | 11 | |
| Wind Rider | 11 | |
| Troll Batrider | 4 | |
26 total
» upgrades
| Reinforced Defenses | 1 | |
| Envenomed Spears | 1 | |
| Liquid Fire | 1 | |
| Ranged Weapons | 2 | |
| Armor | 2 | |
7 total
» buildings
| Altar of Storms | 1 | |
| Orc Burrow | 8 | |
| War Mill | 1 | |
| Watch Tower | 45 | |
| Voodoo Lounge | 1 | |
| Stronghold | 1 | |
| Fortress | 1 | |
| Beastiary | 2 | |
| Great Hall | 2 | |
62 total
» build order
00:03 Altar of Storms
00:20 Orc Burrow
00:37 War Mill
01:49 Watch Tower
02:08 Watch Tower
02:29 Watch Tower
02:44 Voodoo Lounge
02:57 Watch Tower
03:35 Stronghold
04:04 Orc Burrow
04:12 Watch Tower
05:37 Orc Burrow
06:17 Fortress
06:19 Beastiary
06:38 Watch Tower
06:43 Beastiary
06:56 Orc Burrow
07:29 Watch Tower
10:41 Orc Burrow
11:32 Watch Tower
11:51 Watch Tower
14:11 Watch Tower
14:30 Watch Tower
15:09 Watch Tower
15:10 Watch Tower
15:16 Watch Tower
15:53 Watch Tower
15:57 Watch Tower
16:22 Watch Tower
19:44 Great Hall
19:46 Watch Tower
19:47 Watch Tower
20:29 Watch Tower
21:02 Watch Tower
21:03 Watch Tower
21:14 Watch Tower
21:39 Great Hall
21:48 Watch Tower
21:49 Watch Tower
22:30 Watch Tower
22:31 Watch Tower
23:30 Watch Tower
23:32 Watch Tower
23:34 Watch Tower
23:35 Watch Tower
26:25 Watch Tower
27:55 Watch Tower
29:01 Watch Tower
29:14 Watch Tower
29:15 Watch Tower
30:24 Watch Tower
30:26 Watch Tower
31:23 Watch Tower
31:29 Watch Tower
33:05 Watch Tower
45:40 Watch Tower
45:41 Watch Tower
45:43 Watch Tower
45:44 Watch Tower
48:06 Orc Burrow
48:08 Orc Burrow
48:10 Orc Burrow
» items
| Healing Salve | 9 | |
| Lesser Clarity Potion | 15 | |
| Boots of Speed | 2 | |
| Staff of Teleportation | 1 | |
| Potion of Healing | 2 | |
| Potion of Mana | 3 | |
| Orb of Lightning | 2 | |
| Claws of Attack +9 | 1 | |
| Scroll of Speed | 1 | |
| Gloves of Haste | 1 | |
| Potion of Lesser Invulnerability | 2 | |
| Ring of Protection +3 | 1 | |
40 total
observersburgerking2,
1Life Chat log
(00:07 / All) GOKUMaN69: host sucks
(00:13 / All) GOKUMaN69: quiting
(00:17 / All) GOKUMaN69: remake
(00:17 / All) BrownianMotion: it's not bad anymore.
(00:19 / All) BrownianMotion: now stfu
(00:52 / All) GOKUMaN69: if I win its 4:0
(01:05 / All) GOKUMaN69: haha
(01:17 / All) GOKUMaN69: are you ghosting?
(01:21 / All) BrownianMotion: am I what?
(01:31 / All) GOKUMaN69: ghostin?
(02:19 / All) GOKUMaN69: nice race nor
(02:28 / All) BrownianMotion: nor?
(03:04 / All) GOKUMaN69: so noob what up bro?
(04:21 / All) GOKUMaN69: so hows life bro?
(05:30 / All) GOKUMaN69: Gg
(05:35 / All) BrownianMotion: STFU FAG
(05:39 / All) BrownianMotion: WE KNOW YOU LIKE THE COCK
(05:44 / All) GOKUMaN69: i do
(05:53 / All) BrownianMotion: I THINK
(05:56 / All) BrownianMotion: THAT'S WHAT I JUST SAID
(06:29 / All) GOKUMaN69: why you so bad?
(09:09 / All) GOKUMaN69: feels good man
(09:38 / All) BrownianMotion: WHAT NOOB
(10:27 / All) GOKUMaN69: so much luck
(10:32 / All) GOKUMaN69: kinda funny
(10:36 / All) BrownianMotion: stfu noob
(10:40 / All) BrownianMotion: you just mad cause you gonna lose
(10:44 / All) GOKUMaN69: nope
(10:47 / All) GOKUMaN69: I got this
(15:45 / All) GOKUMaN69: miss
(16:21 / All) BrownianMotion: miss
(16:31 / All) GOKUMaN69: noob stfu I am so angry with you
(16:36 / All) BrownianMotion: noob stfu
(16:39 / All) GOKUMaN69: just kidding
(19:26 / All) GOKUMaN69: Gg
(20:43 / All) GOKUMaN69: this is a fun game
(20:45 / All) GOKUMaN69: kinda close
(24:16 / All) GOKUMaN69: you lost noob
(24:18 / All) GOKUMaN69: fyu
(24:19 / All) BrownianMotion: stfu
(24:22 / All) BrownianMotion: fyu?
(24:30 / All) GOKUMaN69: Fyu
(24:36 / All) GOKUMaN69: Fuck you u
(24:46 / All) GOKUMaN69: im in collage
(24:46 / All) BrownianMotion: In otherwards
(24:48 / All) BrownianMotion: you're retarded?
(24:55 / All) GOKUMaN69: 12 years old
(25:05 / All) BrownianMotion: You probably are in a collage somewhere
(25:10 / All) BrownianMotion: A collage of faggotry
(25:13 / All) BrownianMotion: probably in with goatse
(26:12 / All) GOKUMaN69: why wont you quit?
(26:31 / All) GOKUMaN69: you lsoe again
(27:24 / All) GOKUMaN69: 25 gold wasted
(28:07 / All) GOKUMaN69: how much gold you got?
(28:13 / All) BrownianMotion: 5 million.
(28:20 / All) GOKUMaN69: lyin faggot
(30:08 / All) GOKUMaN69: 245 xp to 6 bro
(31:48 / All) GOKUMaN69: gold
(31:50 / All) GOKUMaN69: ???
(33:01 / All) GOKUMaN69: haha
(33:12 / All) GOKUMaN69: so noob
(33:30 / All) GOKUMaN69: it must suck suckin so much
(34:19 / All) GOKUMaN69: 155 2 six bro
(34:46 / All) GOKUMaN69: 130 now
(35:54 / All) GOKUMaN69: hah
(36:12 / All) GOKUMaN69: sec
(36:14 / All) GOKUMaN69: please
(36:18 / All) GOKUMaN69: manner
(36:23 / All) BrownianMotion: manner?
(36:27 / All) BrownianMotion: you're going to tell ME to manner?
(36:49 / All) GOKUMaN69: manner man
(39:51 / All) GOKUMaN69: nice acos
(40:06 / All) GOKUMaN69: 30 away
(40:43 / All) GOKUMaN69: have you been mining in upkeep
(40:50 / All) GOKUMaN69: because I haven't
(41:13 / All) GOKUMaN69: you lose Gg
(41:47 / All) GOKUMaN69: map hack much?
(41:52 / All) BrownianMotion: time you much?
(41:58 / All) BrownianMotion: you apparently do the same thing
(41:59 / All) BrownianMotion: every single time
(42:07 / All) GOKUMaN69: what?
(42:32 / All) GOKUMaN69: Gg
(43:14 / All) GOKUMaN69: got 7.5 k
(43:19 / All) BrownianMotion: I have 11k
(43:20 / All) GOKUMaN69: how about you?
(43:24 / All) BrownianMotion: 10000000000000.
(43:25 / All) GOKUMaN69: stop lying bro
(43:32 / All) GOKUMaN69: watch replay
(43:41 / All) BrownianMotion: if I wanted to see a faggot in red
(43:43 / All) BrownianMotion: i'd watch it
(43:45 / All) BrownianMotion: but other than that, no
(43:59 / All) GOKUMaN69: what if Im gay so what?
(44:09 / All) BrownianMotion: going to hell.
(44:29 / All) GOKUMaN69: heh
(44:42 / All) GOKUMaN69: 8k
(45:01 / All) GOKUMaN69: suck much?
(46:34 / All) GOKUMaN69: what a lil maphack
(46:39 / All) GOKUMaN69: babys first MH
(46:40 / All) BrownianMotion: shut up kid
(46:42 / All) BrownianMotion: maphack shows up
(46:43 / All) GOKUMaN69: im 12
(46:44 / All) BrownianMotion: on replay
(46:45 / All) BrownianMotion: now stfu
(46:49 / All) BrownianMotion: you maphack?
(46:50 / All) BrownianMotion: fag
(47:05 / All) GOKUMaN69: why do I maphack?
(47:09 / All) BrownianMotion: you just said so
(47:11 / All) BrownianMotion: babys little maphack
(47:13 / All) BrownianMotion: you're 12
(47:17 / All) GOKUMaN69: you're 10
(47:20 / All) BrownianMotion: I'm 19
(47:21 / All) BrownianMotion: now tsfu
(47:22 / All) BrownianMotion: stfu*
(47:23 / All) GOKUMaN69: nope
(47:27 / All) BrownianMotion: k.
(47:28 / All) BrownianMotion: lol
(47:29 / All) GOKUMaN69: if you were not
(47:33 / All) BrownianMotion: I'm pro
(47:34 / All) BrownianMotion: if I'm 10
(47:59 / All) GOKUMaN69: nice units bro
(48:39 / All) GOKUMaN69: you suck at this game
(49:00 / All) GOKUMaN69: 4:0 haha
(49:09 / All) GOKUMaN69: how does it feel
(49:11 / All) GOKUMaN69: ??
(49:17 / All) GOKUMaN69: Clan twt better then you
(50:19 / All) GOKUMaN69: Gg